 Dungeon Crawl Stone Soup version 0.26-a0-259-g1effd001a9 (webtiles) character file.

Game seed: 12485115474314003696

88 gruber the Insei (level 4, -1/32 HPs)
             Began as a Merfolk Transmuter on July 12, 2020.
             Killed by miscasting Spider Form (15 damage)
             ... on level 2 of the Dungeon.
             The game lasted 00:01:53 (2307 turns).

gruber the Insei (Merfolk Transmuter)               Turns: 2307, Time: 00:01:54

Health: -1/32      AC:  2    Str: 10    XL:     4   Next: 54%
Magic:  4/7        EV: 14    Int: 13    God:
Gold:   112        SH:  0    Dex: 14    Spells: 1/7 levels left

rFire    . . .     SeeInvis .     - Unarmed
rCold    . . .     Faith    .   (no shield)
rNeg     . . .     Spirit   .   b - +0 robe
rPois    .         Reflect  .   (no helmet)
rElec    .         Harm     .   (no cloak)
rCorr    .                      (no gloves)
MR       .....                  (no boots)
Stlth    +.........             (no amulet)
HPRegen  0.10/turn              (no ring)
MPRegen  0.10/turn              (no ring)

@: lethally poisoned (-1 -> -5), very slightly contaminated
A: change form in water, swift swim, stealthy swim
a: no special abilities


You were on level 2 of the Dungeon.
You were not hungry.

You visited 1 branch of the dungeon, and saw 2 of its levels.

You collected 112 gold pieces.

Inventory:

Missiles
 a - 12 arrows
Armour
 b - a +0 robe (worn)
Jewellery
 g - an uncursed amulet of regeneration {unknown}
Scrolls
 c - a scroll of amnesia {unknown}
 e - 5 scrolls of teleportation {unknown}
 f - a scroll of fog {unknown}
 h - 2 scrolls of identify {unknown}
 i - a scroll of immolation {unknown}
 j - a scroll of remove curse {unknown}
 k - a scroll of magic mapping {unknown}
 m - a scroll of fear {unknown}
Comestibles
 d - 10 rations


   Skills:
 - Level 1.1 Fighting
 * Level 4.2 Dodging
 - Level 5.0 Unarmed Combat
 - Level 2.0 Spellcasting
 - Level 2.6 Transmutations


You had one spell level left.
You knew the following spells:

 Your Spells              Type           Power        Failure   Level
a - Beastly Appendage     Tmut           #.....       9%          1
b - Sticks to Snakes      Tmut           #.......     13%         2
c - Spider Form           Tmut/Pois      #.........   41%         3

Your spell library contained the following spells:

 Spells                   Type           Power        Failure   Level
 Ice Form                 Ice/Tmut       #.......     82%         4
 Blade Hands              Tmut           #.........   93%         5


Dungeon Overview and Level Annotations

Branches:
Dungeon (2/15)

Altars:

Annotations:
D:2 Natasha


Message History

Natasha zaps a wand.
You resist with some effort.
You hit the jackal.
You kill the jackal!
Natasha zaps a wand.
You resist with some effort.
You see here a jackal corpse.
Natasha zaps a wand.
You resist with some effort.
Natasha stares at you and mumbles some strange words.
The magic dart hits you!
You are too injured to fight recklessly!
You are too injured to fight recklessly!
You are too injured to fight recklessly!
Natasha is nearby!
Unknown command.
Unknown command.
Casting: Beastly Appendage (safe; 9% risk of failure)
Confirm with . or Enter, or press ? or * to list all spells.
The spell is extremely dangerous to cast (41% risk of failure)!
Continue anyway?
You miscast Spider Form.
You feel odd!
You are poisoned.
You die...

##. #. ... # #. ...
###. #'# #... #.# #.##
#.# ##### #.#
##.###...# #.#
##......#.#####.#
#@..†.#.........#
......h.>.†############
####.####.## # ###


You could see Natasha.

Vanquished Creatures
  Terence (D:2)
  2 adders (D:2)
  An ooze (D:1)
  A dart slug (D:1)
  5 bats
  7 goblins
  6 hobgoblins
  2 jackals (D:2)
  2 frilled lizards (D:1)
  8 kobolds
  2 rats
37 creatures vanquished.

Notes
Turn   | Place    | Note
-------+----------+-------------------------------------------
     0 | D:1      | gruber the Merfolk Transmuter began the quest for the Orb.
     0 | D:1      | Reached XP level 1. HP: 15/15 MP: 3/3
    90 | D:1      | Reached skill level 4 in Unarmed Combat
    90 | D:1      | Reached XP level 2. HP: 10/21 MP: 5/5
   823 | D:1      | Reached XP level 3. HP: 26/26 MP: 6/6
  1267 | D:2      | Reached skill level 5 in Unarmed Combat
  1271 | D:2      | Learned a level 2 spell: Sticks to Snakes
  1275 | D:2      | Learned a level 3 spell: Spider Form
  1375 | D:2      | Found a faded altar of an unknown god.
  1560 | D:2      | Reached XP level 4. HP: 8/32 MP: 7/7
  1579 | D:2      | HP: 2/48 [poisoned by an adder]
  1587 | D:2      | HP: 2/48 [poisoned by an adder]
  2005 | D:2      | Noticed Terence
  2010 | D:2      | Killed Terence
  2300 | D:2      | Noticed Natasha
  2307 | D:2      | Killed by miscasting Spider Form

Illustrated notes

Levels and vault maps discovered:
D:1:      lemuel_arrival_muddy, layout_rooms, minmay_three_crescents
D:2:      layout_loops_corners, first_ration, chequers_ecumenical_altar_simple,
          uniq_terence, uniq_natasha

Skill      XL: |  1  2  3  4 |
---------------+-------------+-----
Unarmed Combat | 4 5 |  5.0
Dodging        | 3 4 |  4.2
Fighting       | |  1.1
Spellcasting   | |  2.0
Transmutations | |  2.6

Action                   |  1- 3 |  4- 6 || total
-------------------------+-------+-------++-------
Melee: Unarmed           |   135 |    17 ||   152
       Headbutt          |    13 |       ||    13
 Cast: Beastly Appendage |    16 |     1 ||    17
       Spider Form       |       |     1 ||     1
  Use: Potion            |       |     1 ||     1
 Stab: Sleeping          |       |     1 ||     1
  Eat: Ration            |     1 |     1 ||     2
Armor: Robe              |    34 |     5 ||    39
Dodge: Dodged            |   108 |    10 ||   118

Table legend:
 A = Non-vault XP
 B = Vault XP
 C = Vault XP percentage of total XP
 D = Non-vault monster count
 E = Vault monster count
 F = Vault count percentage of total count
                 A         B        C        D         E       F
            +---------+---------+-------+---------+---------+-------
      Total |      78 |      49 |  38.6 |      30 |       7 |  18.9
            +---------+---------+-------+---------+---------+-------
        D:1 |      30 |      13 |  30.2 |      15 |       6 |  28.6
        D:2 |      48 |      36 |  42.9 |      15 |       1 |   6.2
            +---------+---------+-------+---------+---------+-------
